[Event "Titled Tuesday Blitz April 25 Early 2023"]
[White "Lund, Gunnar"]
[Black "Mrudul Dehankar"]
[WhiteFideId "1520814"]
[BlackFideId "25096990"]
[WhiteElo "2233"]
[BlackElo "2139"]
[Result "0-1"]
[Round "08"]
[TimeControl "180+2"]
[Date "2023.04.25"]
[WhiteClock "0:00:02"]
[BlackClock "0:00:25"]

1. d4 Nf6 2. Bf4 e6 3. e3 b6 4. Nf3 Bb7 5. c3 Be7 6. Nbd2 c5 7. Nc4 Ne4 8. Bd3 O-O 9. O-O d6 10. Rc1 b5 11. Ncd2 Nxd2 12. Nxd2 a6 13. Be4 Qb6 14. dxc5 dxc5 15. Qf3 Bxe4 16. Nxe4 Nd7 17. Rfd1 Rfd8 18. Bd6 Bf8 19. a3 f5 20. Ng5 Bxd6 21. Nxe6 Bxh2+ 22. Kxh2 Qxe6 23. Kg1 Ne5 24. Qb7 Ng4 25. Qc7 Rdc8 26. Qf4 Nf6 27. Rd6 Qe7 28. Rcd1 Rd8 29. Rxd8+ Rxd8 30. Rxd8+ Qxd8 31. Qxf5 Qd1+ 32. Kh2 Qd6+ 33. g3 h6 34. e4 Qe7 35. e5 Nd7 36. f4 Nf8 37. Qd3 Qe6 38. Qe2 Nd7 39. g4 g5 40. Kg3 gxf4+ 41. Kxf4 Nf8 42. Kg3 Ng6 43. Qd3 Qxe5+ 44. Kf2 Qf4+ 45. Ke1 Ne5 46. Qd8+ Kg7 47. Qe7+ Kg6 48. Qe6+ Kg5 49. Qxa6 Qe3+ 50. Kd1 Nc4 51. Qd6 Nxd6 0-1


[Site "https://www.chess.com"]

[Event "Titled Tuesday Blitz April 25 Early 2023"]
[White "Shuvalov, Evgenij"]
[Black "Bodnaruk, Anastasia"]
[WhiteFideId "4187237"]
[BlackFideId "4181751"]
[WhiteElo "2080"]
[BlackElo "2310"]
[Result "1/2-1/2"]
[Round "08"]
[TimeControl "180+2"]
[Date "2023.04.25"]
[WhiteClock "0:00:10"]
[BlackClock "0:00:02"]

1. d4 Nf6 2. c4 g6 3. Nc3 Bg7 4. e4 d6 5. Nf3 O-O 6. Be2 e5 7. O-O Nc6 8. d5 Ne7 9. Ne1 Nd7 10. f3 f5 11. g4 Nf6 12. Nd3 c5 13. h4 Bd7 14. Bd2 h6 15. Kg2 a6 16. a4 b6 17. Rb1 b5 18. axb5 axb5 19. cxb5 Rb8 20. Nf2 Nc8 21. b4 cxb4 22. Rxb4 Nb6 23. Be3 Nh7 24. Rh1 Rc8 25. Qb3 Rb8 26. Rc4 Nxc4 27. Qxc4 Qa5 28. Qb3 Rfc8 29. Bd2 Nf6 30. Qb2 fxe4 31. fxe4 Qb6 32. Qb4 Rf8 33. Rf1 Qd4 34. Ncd1 Bxb5 35. Bxb5 Qxb4 36. Bxb4 Rxb5 37. Bxd6 Re8 38. Ne3 Rb2 39. Nc4 Rc2 40. Ne3 Re2 41. Nc4 Nxe4 42. Kf3 Rxf2+ 43. Rxf2 Nxf2 44. Kxf2 e4 45. Ke3 Bf6 46. Bf4 Bxh4 47. Bxh6 g5 48. Nd6 Rd8 49. Nxe4 Kf7 50. Bxg5 Bxg5+ 51. Nxg5+ Kf6 52. Ne4+ Ke5 53. d6 Ra8 54. Nf2 Ra3+ 55. Nd3+ Kxd6 56. Kd4 Ra4+ 57. Ke3 Rxg4 58. Nf2 Ra4 59. Nd3 Kd5 60. Nf4+ Kc4 61. Ke4 Ra1 62. Ke5 Re1+ 63. Kf5 Kd4 64. Ne6+ Kd5 65. Nf4+ Kd6 66. Nd3 Re8 67. Nf4 Rf8+ 68. Ke4 Ra8 69. Nd3 Ra4+ 70. Ke3 Rh4 71. Nf4 Rg4 72. Ke4 Rh4 73. Kf5 Rh1 74. Ke4 Rf1 75. Nd3 Rd1 76. Kd4 Ra1 77. Ke4 Ra4+ 78. Ke3 1/2-1/2


[Site "https://www.chess.com"]

[Event "Titled Tuesday Blitz April 25 Early 2023"]
[White "Avazkhonov, Alikhon"]
[Black "Isajevsky, Anton"]
[WhiteFideId "14208504"]
[BlackFideId "4142500"]
[WhiteElo "1739"]
[BlackElo "2510"]
[Result "0-1"]
[Round "08"]
[TimeControl "180+2"]
[Date "2023.04.25"]
[WhiteClock "0:00:06"]
[BlackClock "0:01:03"]

1. e4 e6 2. d4 d5 3. Nd2 dxe4 4. Nxe4 Bd7 5. Nf3 Bc6 6. Bd3 Nd7 7. O-O Ngf6 8. Re1 Be7 9. Qe2 O-O 10. Bf4 Nxe4 11. Bxe4 Bxe4 12. Qxe4 c6 13. Rad1 Qa5 14. a3 Rfe8 15. Ne5 Rad8 16. c4 Nxe5 17. dxe5 Qa4 18. Qe2 Qb3 19. Be3 a5 20. g3 a4 21. h4 h6 22. Kg2 Bf8 23. h5 b5 24. cxb5 cxb5 25. g4 Rd5 26. f4 Red8 27. Rxd5 Rxd5 28. Rc1 Rd3 29. Bf2 Qd5+ 30. Kg1 Rh3 31. Kf1 Qh1+ 32. Bg1 Rf3+ 33. Ke1 Qxg1+ 34. Kd2 Qd4+ 35. Kc2 Rf2 0-1


[Site "https://www.chess.com"]

[Event "Titled Tuesday Blitz April 25 Early 2023"]
[White "Bochnicka, Vladimir"]
[Black "Yelisieiev, Yevhenii"]
[WhiteFideId "14943450"]
[BlackFideId "14139642"]
[WhiteElo "2094"]
[BlackElo "2425"]
[Result "1-0"]
[Round "08"]
[TimeControl "180+2"]
[Date "2023.04.25"]
[WhiteClock "0:00:22"]
[BlackClock "0:00:03"]

1. e4 d6 2. d4 Nf6 3. Nc3 e5 4. Nge2 c6 5. h3 b5 6. a3 Be7 7. g4 Bb7 8. Bg2 a5 9. Ng3 b4 10. axb4 axb4 11. Rxa8 Bxa8 12. Nce2 O-O 13. O-O exd4 14. Nxd4 g6 15. Be3 c5 16. Nde2 Nbd7 17. f4 d5 18. e5 Ne4 19. Nxe4 dxe4 20. Ng3 f5 21. gxf5 gxf5 22. Nxf5 Kh8 23. Nd6 Nf6 24. Bxc5 Nd5 25. Qh5 Nxf4 26. Qg4 Nxg2 27. Rxf8+ Qxf8 28. Qxg2 e3 29. Nf7+ Qxf7 30. Qxa8+ Kg7 31. Qg2+ Kh6 32. Bxe3+ Kh5 33. Qg4# 1-0


[Site "https://www.chess.com"]

[Event "Titled Tuesday Blitz April 25 Early 2023"]
[White "Sahib Singh"]
[Black "Koridze, Lile"]
[WhiteFideId "25618342"]
[BlackFideId "13612514"]
[WhiteElo "1934"]
[BlackElo "2047"]
[Result "1-0"]
[Round "08"]
[TimeControl "180+2"]
[Date "2023.04.25"]
[WhiteClock "0:01:33"]
[BlackClock "0:00:59"]

1. e4 c5 2. Nf3 d6 3. d4 cxd4 4. Nxd4 Nf6 5. Nc3 a6 6. f3 e5 7. Nb3 Be6 8. Be3 Nbd7 9. g4 Nc5 10. Nxc5 dxc5 11. g5 Nh5 12. Nd5 Bxd5 13. Qxd5 Qc7 14. O-O-O Be7 15. Rg1 Rd8 16. Qb3 Rxd1+ 17. Kxd1 O-O 18. Bc4 Rd8+ 19. Kc1 Bf8 20. a4 Nf4 21. Bxf4 exf4 22. g6 hxg6 23. Rxg6 Qd7 24. Bd5 Bd6 25. Qc3 Kh7 26. Qxg7# 1-0


[Site "https://www.chess.com"]

[Event "Titled Tuesday Blitz April 25 Early 2023"]
[White "Hoffmann, Asa"]
[Black "Weishaeutel, Moritz"]
[WhiteFideId "2001470"]
[BlackFideId "12967300"]
[WhiteElo "2117"]
[BlackElo "2301"]
[Result "0-1"]
[Round "08"]
[TimeControl "180+2"]
[Date "2023.04.25"]
[WhiteClock "0:00:13"]
[BlackClock "0:00:08"]

1. d4 e6 2. e4 d5 3. e5 c5 4. Nf3 cxd4 5. Qxd4 Nc6 6. Qf4 Nge7 7. Bd3 Ng6 8. Qg3 Qc7 9. O-O Bd7 10. Re1 Nb4 11. Nc3 Nxd3 12. cxd3 O-O-O 13. h4 h5 14. Bg5 Re8 15. Rac1 Bc6 16. Nb5 Qb6 17. Nd6+ Bxd6 18. exd6 d4 19. Rc4 e5 20. Bd2 Qxb2 21. Rec1 Kb8 22. Nxd4 Qxd2 23. Nxc6+ bxc6 24. Rxc6 Rc8 25. Qf3 Qxc1+ 26. Rxc1 Rxc1+ 27. Kh2 Rd8 28. Qd5 Nf4 29. Qxe5 Ne6 30. Qb5+ Ka8 31. Qd5+ Kb8 32. g3 Rb1 33. f4 Rb6 34. f5 Rdxd6 35. Qe5 f6 36. Qe3 Nd4 37. Qe8+ Kc7 38. Qe7+ Rd7 39. Qc5+ Rc6 40. Qxa7+ Kd8 41. Qa8+ Rc8 42. Qa5+ Ke8 43. Qa4 Rc2+ 44. Kh3 Rf2 45. g4 Rf3+ 46. Kg2 hxg4 47. Qc4 Nxf5 48. Qxg4 Ne3+ 49. Kxf3 Nxg4 50. Kxg4 Rxd3 51. Kf5 Ra3 52. h5 Rxa2 53. Kg6 Rh2 54. Kf5 Rxh5+ 0-1


[Site "https://www.chess.com"]

[Event "Titled Tuesday Blitz April 25 Early 2023"]
[White "De Souza, Cristiano Gomes"]
[Black "Asavasaetakul, Chawit"]
[WhiteFideId "2151758"]
[BlackFideId "6204856"]
[WhiteElo "2068"]
[BlackElo "1919"]
[Result "0-1"]
[Round "08"]
[TimeControl "180+2"]
[Date "2023.04.25"]
[WhiteClock "0:01:08"]
[BlackClock "0:01:16"]

1. d4 d5 2. c4 c6 3. Nf3 Nf6 4. Nc3 dxc4 5. a4 Bf5 6. e3 e6 7. Bxc4 Bb4 8. Ne5 O-O 9. O-O Nbd7 10. Nxd7 Qxd7 11. f3 Rad8 12. Ne2 Qe7 13. e4 Bg6 14. Be3 e5 15. Qb3 exd4 16. Nxd4 Bc5 17. Rfd1 Qe5 18. Qc3 Bxe4 19. fxe4 Ng4 20. Nc2 Qxh2+ 21. Kf1 Qh1+ 22. Ke2 Qxg2+ 23. Ke1 Qg3+ 24. Ke2 Bxe3 25. Nxe3 Qf2# 0-1


[Site "https://www.chess.com"]

[Event "Titled Tuesday Blitz April 25 Early 2023"]
[White "Hambleton, Aman"]
[Black "Derichs, Roger"]
[WhiteFideId "2606577"]
[BlackFideId "4630076"]
[WhiteElo "2511"]
[BlackElo "2360"]
[Result "1-0"]
[Round "08"]
[TimeControl "180+2"]
[Date "2023.04.25"]
[WhiteClock "0:00:02"]
[BlackClock "0:00:01"]

1. d4 d5 2. Bf4 e6 3. e3 Nf6 4. Nd2 c5 5. c3 Nc6 6. Ngf3 Be7 7. Bd3 Nh5 8. Be5 f6 9. Bg3 Qb6 10. Qc2 Nxg3 11. hxg3 f5 12. g4 g6 13. gxf5 exf5 14. dxc5 Qxc5 15. g4 O-O 16. gxf5 Bxf5 17. Bxf5 Rxf5 18. O-O-O Raf8 19. Rh3 b5 20. Rdh1 R8f7 21. Kb1 b4 22. c4 d4 23. Nb3 Qd6 24. c5 Qf6 25. Nfxd4 Rxf2 26. Qc4 Ne5 27. Qd5 Rf1+ 28. Nc1 Rxh1 29. Rxh1 Ng4 30. Re1 Qf2 31. Re2 Qf1 32. c6 Bf6 33. Qc4 Ne5 34. Qxb4 Kg7 35. Qb8 1-0


[Site "https://www.chess.com"]

[Event "Titled Tuesday Blitz April 25 Early 2023"]
[White "Belov, Alexei"]
[Black "Starozhilov, Leonid"]
[WhiteFideId "4128206"]
[BlackFideId "14106752"]
[WhiteElo "2512"]
[BlackElo "2352"]
[Result "0-1"]
[Round "08"]
[TimeControl "180+2"]
[Date "2023.04.25"]
[WhiteClock "0:00:05"]
[BlackClock "0:00:33"]

1. e4 Nc6 2. Nf3 d6 3. d4 Nf6 4. Bb5 a6 5. Bxc6+ bxc6 6. Nbd2 g6 7. O-O Bg7 8. Re1 O-O 9. c4 Bg4 10. h3 Bxf3 11. Nxf3 Nd7 12. b3 a5 13. a4 c5 14. Bb2 cxd4 15. Bxd4 e5 16. Be3 Rb8 17. Rb1 f5 18. exf5 gxf5 19. Qd5+ Kh8 20. Qxa5 f4 21. Bc1 Nc5 22. Nxe5 Nb7 23. Qc3 dxe5 24. Bb2 Nc5 25. Ba1 Qd3 26. Qa5 Nxb3 27. Qxc7 Rbc8 28. Rxb3 Qxb3 29. Qe7 Rfe8 30. Qg5 Qb4 31. Rd1 Qe7 32. Qh5 e4 33. Bxg7+ Qxg7 34. Qb5 f3 35. g3 e3 36. Rd7 e2 0-1


[Site "https://www.chess.com"]

[Event "Titled Tuesday Blitz April 25 Early 2023"]
[White "Papasimakopoulos, Alexandros"]
[Black "Goltseva, Ekaterina"]
[WhiteFideId "4244125"]
[BlackFideId "24173770"]
[WhiteElo "2359"]
[BlackElo "2200"]
[Result "1-0"]
[Round "08"]
[TimeControl "180+2"]
[Date "2023.04.25"]
[WhiteClock "0:00:32"]
[BlackClock "0:00:02"]

1. e4 c5 2. b4 d5 3. exd5 cxb4 4. a3 Qxd5 5. Nf3 e5 6. Bb2 Nc6 7. axb4 Bxb4 8. Na3 Nge7 9. Nb5 O-O 10. Nc7 Qe4+ 11. Be2 Rb8 12. O-O a6 13. Bd3 Qf4 14. g3 Qf6 15. c4 Qd6 16. Nd5 Nxd5 17. cxd5 Qxd5 18. Qe2 Nd4 19. Nxd4 exd4 20. Be4 Qd6 21. d3 Bd7 22. Rfc1 f5 23. Bg2 f4 24. Rc4 Bc5 25. Qh5 b6 26. Bd5+ Kh8 27. Be4 g6 28. Qg5 fxg3 29. hxg3 Be6 30. Rcc1 Bf5 31. Rxa6 Bxe4 32. dxe4 Rbe8 33. Ra7 Qe6 34. Rxc5 bxc5 35. Qxc5 Rf7 36. Qxd4+ Kg8 37. Qh8# 1-0


[Site "https://www.chess.com"]

[Event "Titled Tuesday Blitz April 25 Early 2023"]
[White "koncheto"]
[Black "Parkhov, Yair"]
[BlackFideId "2813408"]
[WhiteElo "2509"]
[BlackElo "2421"]
[Result "0-1"]
[Round "08"]
[TimeControl "180+2"]
[Date "2023.04.25"]
[WhiteClock "0:00:03"]
[BlackClock "0:00:16"]

1. e4 e5 2. Nf3 Nc6 3. Bc4 Nf6 4. d3 Bc5 5. O-O d6 6. c3 Bb6 7. Nbd2 h6 8. Re1 g5 9. Nf1 Be6 10. Bb3 Qd7 11. Be3 Nh5 12. Bxb6 axb6 13. Ne3 Nf4 14. g3 Ng6 15. d4 Bxb3 16. Qxb3 g4 17. Nd2 exd4 18. Nf5 d3 19. Ng7+ Kf8 20. Nh5 Ra5 21. Nf6 Qe6 22. Nd5 h5 23. Nxc7 Qd7 24. Qxb6 h4 25. b4 Rah5 26. Nf1 hxg3 27. fxg3 Nge5 28. Nd5 Nf3+ 29. Kf2 d2 30. Re2 Nxh2 31. Nxd2 Rxd5 32. exd5 Qf5+ 33. Ke1 Nf3+ 34. Nxf3 gxf3 35. dxc6 fxe2 36. Qd8+ Kg7 37. c7 Rh1+ 38. Kd2 Rxa1 39. Kxe2 Rxa2+ 40. Ke3 Qe5+ 41. Kd3 Qe2+ 42. Kd4 Rd2# 0-1


[Site "https://www.chess.com"]

[Event "Titled Tuesday Blitz April 25 Early 2023"]
[White "Degenbaev, Aziz"]
[Black "Sielecki, Christof"]
[WhiteFideId "13802640"]
[BlackFideId "4620437"]
[WhiteElo "2152"]
[BlackElo "2443"]
[Result "0-1"]
[Round "08"]
[TimeControl "180+2"]
[Date "2023.04.25"]
[WhiteClock "0:00:18"]
[BlackClock "0:00:35"]

1. e4 c5 2. Nf3 a6 3. c3 d5 4. exd5 Qxd5 5. d4 e6 6. Be2 cxd4 7. cxd4 Nc6 8. Nc3 Qd6 9. O-O Nf6 10. Bg5 Be7 11. a3 O-O 12. b4 Rd8 13. Be3 b5 14. Qb3 Bb7 15. h3 Rac8 16. Rfd1 Qb8 17. Rac1 h6 18. Qb2 Nd5 19. Nxd5 Rxd5 20. Nd2 Rdd8 21. Nb3 Qa8 22. Nc5 Bxc5 23. dxc5 Ne7 24. Bf1 Bd5 25. Bd4 f6 26. f3 Kf7 27. Bf2 Rd7 28. Qc2 Rcd8 29. a4 Bc6 30. axb5 axb5 31. Ra1 Qb7 32. Bg3 Rxd1 33. Rxd1 Rxd1 34. Qxd1 Qd7 35. Qa1 Nd5 36. Qa5 e5 37. Bf2 Nc3 38. Qb6 Nd1 39. Be2 Nc3 40. Bf1 e4 41. fxe4 Nxe4 42. Be3 Ng3 43. Qb8 Nxf1 44. Kxf1 Qd3+ 45. Kf2 Qc2+ 46. Ke1 Qxg2 47. Qc7+ Kg6 48. Qf4 Qxh3 49. Bd4 Qe6+ 50. Kd2 Qd5 51. Qg3+ Qg5+ 52. Qxg5+ Kxg5 53. Ke3 Kf5 54. Kf2 h5 55. Be3 g5 56. Kg3 h4+ 57. Kh3 Bd7 58. Bc1 Kg6+ 59. Kg2 f5 60. Be3 f4 61. Bd4 Kf5 62. Kh3 Ke4+ 63. Kg2 Kxd4 64. c6 Bxc6+ 65. Kh2 Kc4 66. Kh3 Kxb4 67. Kh2 Kc4 68. Kh3 b4 69. Kh2 b3 70. Kh3 b2 71. Kh2 b1=Q 72. Kh3 Bd7+ 73. Kh2 Qc2+ 74. Kg1 f3 75. Kf1 Qe2+ 76. Kg1 Qg2# 0-1


[Site "https://www.chess.com"]

[Event "Titled Tuesday Blitz April 25 Early 2023"]
[White "Tokman, Ariel"]
[Black "polandchessplayer"]
[WhiteFideId "117420"]
[WhiteElo "2263"]
[BlackElo "2606"]
[Result "1-0"]
[Round "08"]
[TimeControl "180+2"]
[Date "2023.04.25"]
[WhiteClock "0:00:08"]
[BlackClock "0:00:08"]

1. e3 d5 2. Nf3 c6 3. c4 Nf6 4. b3 g6 5. Bb2 Bg7 6. d3 O-O 7. Nbd2 e6 8. a3 b6 9. Qc2 Bb7 10. Be2 Nbd7 11. O-O Rc8 12. b4 c5 13. b5 Re8 14. Rfd1 e5 15. cxd5 Nxd5 16. Nc4 Re6 17. Qb3 Qe7 18. a4 Nb4 19. a5 e4 20. dxe4 Bxe4 21. Bxg7 Kxg7 22. axb6 Nxb6 23. Ncd2 Bf5 24. Qb2+ Kg8 25. Nc4 Bg4 26. h3 Bxf3 27. Nxb6 Rxb6 28. Bxf3 Rxb5 29. Qc3 c4 30. Rd4 a5 31. Rxc4 Rxc4 32. Qxc4 Rc5 33. Qb3 Qe5 34. Rd1 Qc3 35. Qa4 Kg7 36. h4 Qc2 37. Qd7 Qc3 38. h5 Rc7 39. Qd8 a4 40. Qg5 h6 41. Qa5 g5 42. Qxa4 Qc4 43. Qa1+ Qc3 44. Qa5 Qc4 45. Qf5 Qe6 46. Qxe6 fxe6 47. g3 Rc2 48. Rd7+ Kh8 49. Be4 Rc4 50. Bg6 Kg8 51. Rh7 Nd5 52. Rxh6 Nf6 53. Bd3 Rc1+ 54. Kg2 Ng4 55. Rg6+ Kf7 56. Rxg5 Nf6 57. h6 e5 58. Rg7+ Ke6 59. h7 Rc8 60. Bg6 Rh8 61. e4 Kd6 62. Bf5 Kc5 63. Rf7 Ne8 64. g4 Nd6 65. Rf6 Nc4 66. g5 Nd6 67. g6 Ne8 68. Rf7 Kd4 69. g7 Nxg7 70. Rxg7 Rf8 71. Rg8 Rf6 72. h8=Q Rd6 73. Qh3 Rc6 74. Qe3+ Kc4 75. Rc8 Kb4 76. Rxc6 Ka4 77. Qb6 Ka3 78. Rc7 Ka2 79. Ra7# 1-0


[Site "https://www.chess.com"]

[Event "Titled Tuesday Blitz April 25 Early 2023"]
[White "Lenaerts, Lennert"]
[Black "Rios Escobar, Adan"]
[WhiteFideId "211435"]
[BlackFideId "3403645"]
[WhiteElo "2334"]
[BlackElo "2497"]
[Result "0-1"]
[Round "08"]
[TimeControl "180+2"]
[Date "2023.04.25"]
[WhiteClock "0:00:21"]
[BlackClock "0:00:17"]

1. d4 Nf6 2. c4 g6 3. Nc3 Bg7 4. e4 d6 5. f3 O-O 6. Be3 a6 7. Nge2 Nc6 8. Qd2 Na5 9. Nc1 Nd7 10. Be2 c5 11. dxc5 Ne5 12. b3 dxc5 13. Nd3 Nexc4 14. bxc4 Nxc4 15. Qc1 Nxe3 16. Rb1 Qd4 17. Nd1 Nxg2+ 18. Kf1 Bh3 19. N1f2 Ne3+ 20. Kg1 c4 21. Rb4 Be6 22. Nf4 b5 23. a4 Bh6 24. Nxe6 fxe6 25. Qb2 Qc5 26. axb5 Qg5+ 27. Ng4 Nxg4 0-1


[Site "https://www.chess.com"]

[Event "Titled Tuesday Blitz April 25 Early 2023"]
[White "Janaszak, Dawid"]
[Black "Karas, Marek"]
[WhiteFideId "1119206"]
[BlackFideId "14928558"]
[WhiteElo "2220"]
[BlackElo "2233"]
[Result "1-0"]
[Round "08"]
[TimeControl "180+2"]
[Date "2023.04.25"]
[WhiteClock "0:01:00"]
[BlackClock "0:00:01"]

1. e4 e6 2. b3 d5 3. Bb2 Nf6 4. d3 dxe4 5. Nd2 exd3 6. Bxd3 Be7 7. Qe2 c5 8. O-O-O Nc6 9. Ngf3 Qc7 10. g4 h6 11. Rhg1 Bd7 12. h4 O-O-O 13. g5 hxg5 14. hxg5 Nh5 15. Be4 f6 16. Kb1 Nf4 17. Qe3 e5 18. gxf6 Bxf6 19. Bxc6 Bxc6 20. Nxe5 Ne6 21. f4 Nd4 22. Ndc4 Nf5 23. Qxc5 Rxd1+ 24. Rxd1 Rd8 25. Rxd8+ Qxd8 26. Nxc6 Qd1+ 27. Bc1 bxc6 28. Qxf5+ Kb7 29. Qd3 Qg1 30. Qd7+ Kb8 31. Na5 Qb6 32. Nxc6+ Ka8 33. Qc8+ 1-0


[Site "https://www.chess.com"]

[Event "Titled Tuesday Blitz April 25 Early 2023"]
[White "Vlassov, Nikolai"]
[Black "Akylbek2021"]
[WhiteFideId "4103360"]
[WhiteElo "2324"]
[BlackElo "2479"]
[Result "0-1"]
[Round "08"]
[TimeControl "180+2"]
[Date "2023.04.25"]
[WhiteClock "0:00:07"]
[BlackClock "0:00:36"]

1. e4 c5 2. c3 Nf6 3. e5 Nd5 4. d4 cxd4 5. cxd4 Nc6 6. Nc3 Nb6 7. f4 d5 8. Be3 g6 9. Bd3 Bg7 10. h4 h5 11. Nf3 Bg4 12. O-O O-O 13. Qe1 Nc4 14. Bxc4 dxc4 15. a3 Bxf3 16. gxf3 e6 17. Rd1 Ne7 18. Bf2 Nd5 19. Qe4 Bh6 20. Bg3 Qa5 21. Nxd5 exd5 22. Qc2 Rac8 23. f5 Kh7 24. f4 c3 25. b4 Qxa3 26. fxg6+ fxg6 27. f5 Qb2 28. fxg6+ Kg8 29. Qxb2 cxb2 30. e6 Rxf1+ 31. Rxf1 Rc1 32. e7 Rxf1+ 33. Kg2 Rf8 0-1


[Site "https://www.chess.com"]

[Event "Titled Tuesday Blitz April 25 Early 2023"]
[White "Brunner, Nicolas"]
[Black "Toncheva, Nadya"]
[WhiteFideId "620246"]
[BlackFideId "2924056"]
[WhiteElo "2327"]
[BlackElo "2101"]
[Result "1-0"]
[Round "08"]
[TimeControl "180+2"]
[Date "2023.04.25"]
[WhiteClock "0:00:03"]
[BlackClock "0:00:01"]

1. Nf3 c5 2. c4 g6 3. Nc3 Bg7 4. d4 cxd4 5. Nxd4 Nc6 6. Nc2 Nf6 7. e4 O-O 8. Be2 d6 9. O-O Be6 10. b3 Rc8 11. Rb1 a6 12. a4 Qa5 13. Bb2 Nd7 14. Nd5 Bxd5 15. Bxg7 Kxg7 16. exd5 Nd8 17. b4 Qxa4 18. Ra1 Qb3 19. Qd4+ Nf6 20. Bd3 e5 21. dxe6 Nxe6 22. Qe3 Rfe8 23. Qd2 Qb2 24. f4 Nd7 25. f5 Nef8 26. Qf4 Qe5 27. Qh4 Qf6 28. Qg3 Ne5 29. fxg6 Qe6 30. gxh7+ Nfg6 31. Nd4 Qd7 32. Nf5+ Kh8 33. Nh6 Re7 34. Bf5 Qe8 35. Bxc8 Qxc8 36. c5 dxc5 37. bxc5 Qxc5+ 38. Kh1 Qd4 39. Rad1 Qe4 40. Rfe1 Qb4 41. Rf1 Qe4 42. Rde1 Qd4 43. Nxf7+ Rxf7 44. Rxf7 Nxf7 45. Qxg6 1-0


[Site "https://www.chess.com"]

[Event "Titled Tuesday Blitz April 25 Early 2023"]
[White "Ferenc83"]
[Black "Santos Flores, Alberto"]
[BlackFideId "3601234"]
[WhiteElo "2581"]
[BlackElo "2235"]
[Result "0-1"]
[Round "08"]
[TimeControl "180+2"]
[Date "2023.04.25"]
[WhiteClock "0:00:01"]
[BlackClock "0:00:12"]

1. e4 c5 2. Nf3 Nc6 3. Bb5 g6 4. Bxc6 dxc6 5. O-O Bg4 6. h3 Bxf3 7. Qxf3 Bg7 8. d3 e5 9. a4 a5 10. Na3 Qc7 11. Nc4 Nf6 12. Qe2 Nh5 13. g3 O-O 14. Kg2 b6 15. Bd2 Rae8 16. Rae1 h6 17. b3 Kh7 18. Qd1 Qd8 19. Qg4 Nf6 20. Qd1 Nh5 21. f4 exf4 22. gxf4 Bd4 23. f5 Qh4 24. Qg4 Qd8 25. e5 b5 26. Nd6 Rxe5 27. Rxe5 Bxe5 28. Ne4 Ng7 29. f6 Nh5 30. Rf5 gxf5 31. Qxf5+ Kh8 32. Qxh5 Rg8+ 33. Kf3 Rg6 34. Bxh6 Kg8 35. Bg7 Rxg7 36. fxg7 Kxg7 37. Qf5 Qd5 38. h4 bxa4 39. bxa4 c4 40. dxc4 Qd1+ 41. Kg2 Qxc2+ 42. Kh3 Qd3+ 43. Kg4 Qe2+ 44. Kh3 Qd3+ 45. Kg4 Qe2+ 46. Qf3 Qxc4 47. Kh3 Qe6+ 48. Kg2 Qd5 49. h5 Bc7 50. Qg4+ Kh8 51. Qc8+ Kg7 52. Qg4+ Kh8 53. Qc8+ Kh7 54. Qxc7 Qxe4+ 55. Kf2 Qf5+ 56. Kg2 Qxh5 57. Kf2 Qf5+ 58. Ke2 Qe6+ 0-1


[Site "https://www.chess.com"]

[Event "Titled Tuesday Blitz April 25 Early 2023"]
[White "Toropov, Pavel"]
[Black "Staudenhocker43"]
[WhiteFideId "24129178"]
[WhiteElo "2182"]
[BlackElo "2474"]
[Result "0-1"]
[Round "08"]
[TimeControl "180+2"]
[Date "2023.04.25"]
[WhiteClock "0:00:03"]
[BlackClock "0:00:11"]

1. e4 e5 2. d4 exd4 3. Nf3 Bb4+ 4. c3 dxc3 5. bxc3 Bc5 6. Bc4 d6 7. Ng5 Nh6 8. Qh5 Qe7 9. O-O Nc6 10. Be3 Ne5 11. Be2 Bxe3 12. fxe3 Be6 13. Nd2 O-O-O 14. Rab1 Kb8 15. a4 Bc8 16. a5 f6 17. Ngf3 Nxf3+ 18. Bxf3 Qe5 19. Qh4 Qxc3 20. Qf2 Qxa5 21. Nc4 Qc5 22. Rfc1 Rhe8 23. e5 d5 24. Nd6 cxd6 25. Rxc5 dxc5 26. exf6 gxf6 27. Qg3+ Ka8 28. Qc7 Nf5 29. Qxc5 Nxe3 30. h4 Rd7 31. Rc1 Kb8 32. Ra1 b6 33. Qc6 Red8 34. Qxf6 d4 35. Qe5+ Rd6 36. Be4 Bb7 37. Bxb7 Kxb7 38. Qe4+ Rd5 39. Ra4 Kb8 40. Qf4+ Kb7 41. Qe4 Kb8 42. Qf4+ Kb7 43. Ra2 R8d7 44. Rd2 Nc4 45. Rd3 Ne5 46. Rd1 d3 47. Qe4 Kb8 48. Rd2 b5 49. Qb4 Nc4 50. Rd1 d2 51. Qc3 a6 52. Qf3 Ka7 53. Qf2+ Kb7 54. Qf3 Kb6 55. Qf2+ Kc6 56. Qf3 Kc5 57. Qf2+ Kb4 58. Qf3 Nb2 59. Qf4+ Rd4 60. Qf8+ Kb3 61. Rxd2 Rxd2 62. Qg8+ Nc4 63. Qa8 a5 64. Kh2 b4 65. Qb8 a4 66. Qg3+ R7d3 67. Qg7 Ne3 68. Qxh7 Rxg2+ 69. Kh3 Rgd2 70. Kg3 Nc4+ 71. Kf4 a3 72. Qg7 a2 73. h5 Rd1 0-1


[Site "https://www.chess.com"]

[Event "Titled Tuesday Blitz April 25 Early 2023"]
[White "Dzagnidze, Nana"]
[Black "Hajiyev, Kanan"]
[WhiteFideId "13601903"]
[BlackFideId "13404148"]
[WhiteElo "2406"]
[BlackElo "2103"]
[Result "1-0"]
[Round "08"]
[TimeControl "180+2"]
[Date "2023.04.25"]
[WhiteClock "0:00:07"]
[BlackClock "0:00:03"]

1. d4 d5 2. c4 c6 3. cxd5 cxd5 4. Nc3 Nf6 5. Bf4 g6 6. e3 Bg7 7. Nf3 O-O 8. Be2 Nc6 9. Ne5 Nxe5 10. dxe5 Ne4 11. Qxd5 Nxc3 12. Qxd8 Rxd8 13. bxc3 Be6 14. O-O Rac8 15. Rfc1 h6 16. h4 Rd2 17. Bf3 b6 18. a4 Rc5 19. Rd1 Rxd1+ 20. Rxd1 Rxc3 21. Rd8+ Kh7 22. h5 Rc8 23. hxg6+ fxg6 24. Rd4 Rc5 25. Rd8 Bxe5 26. Bxe5 Rxe5 27. Ra8 Ra5 28. Bc6 Bb3 29. Re8 Bxa4 30. Rxe7+ Kh8 31. Be4 g5 32. Rh7+ Kg8 33. Rxh6 Kg7 34. Rh7+ Kf6 35. f4 gxf4 36. exf4 Bb3 37. Kf2 Ra2+ 38. Ke3 Bc2 39. Bxc2 Rxc2 40. g4 Rc3+ 41. Kd4 Ra3 42. g5+ Kg6 43. Rh6+ Kg7 44. Rc6 Ra4+ 45. Ke5 Ra5+ 46. Ke4 b5 47. f5 Ra4+ 48. Ke5 a5 49. Rc7+ Kf8 50. Kf6 Ke8 51. g6 Rg4 52. g7 Kd8 53. Ra7 a4 54. Ra8+ Kc7 55. Kf7 a3 56. Rxa3 Kc6 57. f6 b4 58. Rb3 Kb5 59. g8=Q Rxg8 60. Kxg8 Kc4 61. Rxb4+ Kxb4 62. f7 1-0


[Site "https://www.chess.com"]

[Event "Titled Tuesday Blitz April 25 Early 2023"]
[White "Kubatko, Ivan"]
[Black "Lehtosaari, Mauri"]
[WhiteFideId "24111473"]
[BlackFideId "501999"]
[WhiteElo "2285"]
[BlackElo "2530"]
[Result "1/2-1/2"]
[Round "08"]
[TimeControl "180+2"]
[Date "2023.04.25"]
[WhiteClock "0:00:09"]
[BlackClock "0:00:16"]

1. e4 d5 2. exd5 Qxd5 3. Nc3 Qd8 4. d4 Nf6 5. Nf3 Bg4 6. h3 Bxf3 7. Qxf3 c6 8. Be3 e6 9. Bd3 Nbd7 10. O-O Bd6 11. Ne4 Nxe4 12. Qxe4 Nf6 13. Qf3 Nd5 14. Bd2 Qf6 15. Qxf6 gxf6 16. Rfe1 O-O-O 17. Rad1 Rdg8 18. c4 Nf4 19. Bxf4 Bxf4 20. d5 Re8 21. Kf1 Kc7 22. g3 Bd6 23. dxc6 bxc6 24. c5 Bxc5 25. Rc1 Kb6 26. a3 Rd8 27. Red1 f5 28. Ke2 Be7 29. Rc4 a5 30. Rdc1 Rd6 31. Bc2 Rhd8 32. Rd1 Rxd1 33. Bxd1 Bf6 34. b4 axb4 35. axb4 Ra8 36. Ke1 Ra3 37. Be2 Bc3+ 38. Kd1 Be5 39. g4 f4 40. h4 h6 41. f3 Rb3 42. Re4 f6 43. g5 hxg5 44. hxg5 Rb1+ 45. Kc2 Rg1 46. gxf6 Bxf6 47. Rxe6 Bd4 48. Re4 Be3 49. Bc4 Rc1+ 50. Kb3 Bd2 51. Be2 Rc3+ 52. Kb2 Rc1 53. Re6 Be3 54. b5 Re1 55. Rxc6+ Kb7 56. Bd3 Rd1 57. Kc2 Rd2+ 58. Kc3 Ra2 59. Be4 Kb8 60. Kc4 Rd2 61. Rh6 Rd4+ 62. Kc3 Rd8 63. Rh7 Rc8+ 64. Kb3 Rd8 65. Rb7+ Kc8 66. Rh7 Kb8 67. Rh6 Rd4 68. Rc6 Rd7 69. b6 Rb7 70. Kc4 Rxb6 71. Rxb6+ Bxb6 72. Kd5 Be3 73. Ke6 Kc7 74. Kf5 Kb6 75. Kg4 Kc5 76. Kf5 Kd4 77. Kg4 Kc5 1/2-1/2


[Site "https://www.chess.com"]